 Dungeon Crawl Stone Soup version 0.22.1-1-ga44c0e56f4 (webtiles) character file.

133 Kaderl the Slasher (level 5, 0/42 HPs)
             Began as a Merfolk Fighter on Oct 4, 2018.
             Killed by divine providence
             ... invoked by an orc priest
              (9 damage)
             ... on level 4 of the Dungeon.
             The game lasted 00:07:12 (2210 turns).

Kaderl the Slasher (Merfolk Fighter)                Turns: 2210, Time: 00:07:13

Health: 0/42       AC:  8    Str: 16    XL:     5   Next: 16%
Magic:  5/5        EV:  7    Int:  7    God:
Gold:   142        SH:  9    Dex: 15    Spells: 4/4 levels left

rFire    . . .     SeeInvis .   a - +0 long sword
rCold    . . .     Gourm    .   c - +0 shield
rNeg     . . .     Faith    .   d - +0 scale mail
rPois    .         Spirit   .   (no helmet)
rElec    .         Reflect  .   i - +0 cloak
rCorr    .         Harm     .   t - +0 pair of gloves
MR       .....                  (no boots)
Stlth    ..........             m - amulet of rage
HPRegen  0.14/turn              (no ring)
MPRegen  0.09/turn              (no ring)

@: berserk cooldown
A: change form in water, swift swim, stealthy swim
a: Evoke Berserk Rage


You were on level 4 of the Dungeon.
You were not hungry.

You visited 1 branch of the dungeon, and saw 4 of its levels.

You collected 142 gold pieces.

Inventory:

Hand Weapons
 a - a +0 long sword (weapon)
Armour
 c - a +0 shield (worn)
 d - a +0 scale mail (worn)
 i - a +0 cloak (worn)
 t - a +0 pair of gloves (worn)
Jewellery
 k - an uncursed ring of positive energy {unknown}
 m - an amulet of rage (around neck)
Scrolls
 b - a scroll of blinking {unknown}
 e - a scroll of teleportation
 j - 3 scrolls of remove curse
 l - a scroll of amnesia {unknown}
 o - a scroll of fear {unknown}
 r - a scroll of identify
 s - a scroll of enchant armour {unknown}
Potions
 g - a potion of haste
 h - a potion of brilliance {unknown}
 n - a potion of curing {unknown}
 p - a potion of degeneration {unknown}
 q - a potion of cancellation {unknown}
Comestibles
 f - 3 rations


   Skills:
 + Level 3.9 Fighting
 + Level 4.0 Long Blades
 + Level 2.7 Armour
 + Level 0.4 Dodging
 + Level 0.4 Stealth
 + Level 3.6 Shields


You had 4 spell levels left.
You didn't know any spells.
Your spell library was empty.

Dungeon Overview and Level Annotations

Branches:
Dungeon (4/15)
 Temple: D:4-7

Altars:


Message History

You hit the orc priest.
The orc priest is lightly wounded.
You block the orc priest's attack.
The orc priest mumbles some strange prayers to Beogh against you.
Beogh smites you!
* * * LOW HITPOINT WARNING * * *
You hit the orc priest but do no damage.
The orc priest is lightly wounded.
The orc priest hits you with a club.
* * * LOW HITPOINT WARNING * * *
The orc priest looks braver for a moment.
You hit the orc priest.
The orc priest is heavily wounded.
The orc priest hits you but does no damage. x2
You barely miss the orc priest.
The orc priest is heavily wounded.
You feel yourself speed up.
The orc priest invokes the aid of Beogh against you.
Beogh smites you!
You die...

# # #.# ..#######.#
...oo(Z..#.######
#o###.....#
##.#.####.# ##o## #.#
#.####@#.####.####
#.....###........#
#..######.#.####.##.#
#....<.....## #..#.#
#.########## ##.#.#
#...# #.### #.# #.#


You could see an orc priest.

Vanquished Creatures
  A centaur skeleton (D:4)
  Terence (D:2)
  2 adders (D:2)
  An adder skeleton (D:4)
  2 worms (D:2)
  A dart slug (D:2)
  2 leopard geckos (D:3)
  6 orcs
  2 giant cockroaches
  6 goblins
  5 hobgoblins
  A quokka (D:2)
  4 bats
  3 frilled lizards
  3 kobolds
  7 rats
47 creatures vanquished.

Notes
Turn   | Place    | Note
-------+----------+-------------------------------------------
     0 | D:1      | Kaderl the Merfolk Fighter began the quest for the Orb.
     0 | D:1      | Reached XP level 1. HP: 18/18 MP: 1/1
   241 | D:1      | Reached XP level 2. HP: 24/24 MP: 2/2
   883 | D:2      | Reached skill level 3 in Long Blades
   883 | D:2      | Reached XP level 3. HP: 15/29 MP: 3/3
  1700 | D:2      | Noticed Terence
  1704 | D:2      | Killed Terence
  1704 | D:2      | Reached XP level 4. HP: 31/36 MP: 4/4
  2204 | D:4      | Reached skill level 4 in Long Blades
  2204 | D:4      | Reached XP level 5. HP: 20/42 MP: 5/5
  2210 | D:4      | Killed from afar by an orc priest

Skill      XL: |  1  2  3  4 |
---------------+-------------+-----
Long Blades    | 3 4 |  4.0
Fighting       | |  3.9
Armour         | |  2.7
Dodging        | |  0.4
Stealth        | |  0.4
Shields        | |  3.6

Action                   |  1- 3 |  4- 6 || total
-------------------------+-------+-------++-------
Melee: Long sword        |    89 |    66 ||   155
 Abil: Evoke Berserk Rag |       |     2 ||     2
  Use: Scroll            |     3 |     1 ||     4
       Potion            |     1 |       ||     1
  Eat: Ration            |     1 |     1 ||     2
Armor: Scale mail        |    36 |    33 ||    69
Dodge: Dodged            |    21 |    30 ||    51
Block: Shield            |    41 |    43 ||    84
       Rpst.: Long sword |     5 |     8 ||    13
